[ AOE2 MATCH · #505210037 ]
UnrankedKhitans vs Huns
Player's team · WIN
Rival team · LOSS
[ REPLAY ANALYSIS · EXTRACTED FROM THE RECORDED GAME ]
Feudal
9:55
Castle
21:01
Imperial
—
| APM avg | 45.9 |
| APM peak | 69 |
| eAPM avg | 19.9 |
| Villagers / military | 57 / 46 |
Focus
⚔️ 55.5% · 🌾 44.5%
Skirmisher ×20 · Steppe Lancer ×17 · Scout Cavalry ×9
Feudal
12:52
Castle
23:45
Imperial
—
| APM avg | 60.9 |
| APM peak | 104 |
| eAPM avg | 25.2 |
| Villagers / military | 43 / 35 |
Focus
⚔️ 43.2% · 🌾 56.8%
Cavalry Archer ×18 · Archer ×7 · Spearman ×4 · Knight ×3 · Militia ×3
Match map
Initial resources + every placement click. Lines = walls · curves = elevation contours. ◆ gold · ⬟ stone · ● berries · ✦ relic · ◌ wall gap
Your base· ✓ Closed at 21:01 · 23t walls · no gate
vidar's base· ✓ Closed at 23:45 · 60t walls · 4 gate(s)
Smoothed initial terrain · ◌ = detected wall gap · hover for details
Inputs per minute
— RaggedCone8628 - - vidar
Build order — RaggedCone8628
First 150 of 168 actions detected
| 0:01 | Queue | Villager (Male) |
| 0:01 | Queue | Villager (Male) |
| 0:03 | Build | House |
| 0:04 | Build | House |
| 0:07 | Queue | Villager (Male) |
| 0:18 | Queue | Villager (Male) |
| 1:32 | Queue | Villager (Male) |
| 1:55 | Build | Lumber Camp |
| 2:06 | Queue | Villager (Male) |
| 2:18 | Queue | Villager (Male) |
| 2:47 | Queue | Villager (Male) |
| 3:11 | Queue | Villager (Male) |
| 3:39 | Build | House |
| 3:43 | Queue | Villager (Male) |
| 4:00 | Queue | Villager (Male) |
| 4:00 | Queue | Villager (Male) |
| 4:17 | Build | Mill |
| 4:20 | Queue | Villager (Male) |
| 4:24 | Queue | Villager (Male) |
| 5:06 | Research | Loom |
| 5:52 | Build | House |
| 5:52 | Queue | Villager (Male) |
| 6:14 | Queue | Villager (Male) |
| 6:41 | Queue | Villager (Male) |
| 7:10 | Queue | Villager (Male) |
| 7:45 | Research | Feudal Age |
| 8:13 | Build | House |
| 8:29 | Build | Barracks |
| 9:45 | Build | Mill |
| 9:49 | Queue | Villager (Male) |
| 9:55 | Age | Feudal Age |
| 9:56 | Build | Stable |
| 9:59 | Research | Double-Bit Axe |
| 10:13 | Queue | Villager (Male) |
| 10:34 | Queue | Villager (Male) |
| 10:37 | Queue | Scout Cavalry |
| 10:37 | Queue | Scout Cavalry |
| 10:38 | Build | House |
| 10:39 | Build | House |
| 11:08 | Queue | Villager (Male) |
| 11:15 | Queue | Scout Cavalry |
| 11:20 | Build | Pasture |
| 11:28 | Build | Pasture |
| 11:30 | Queue | Villager (Male) |
| 11:45 | Build | Palisade Wall |
| 11:54 | Build | Pasture |
| 11:55 | Queue | Villager (Male) |
| 12:05 | Queue | Villager (Male) |
| 12:25 | Queue | Scout Cavalry |
| 12:31 | Queue | Villager (Male) |
| 12:42 | Queue | Villager (Male) |
| 13:00 | Build | Blacksmith |
| 13:01 | Queue | Scout Cavalry |
| 13:08 | Build | Pasture |
| 13:13 | Build | House |
| 13:15 | Build | Palisade Wall |
| 13:18 | Build | Palisade Wall |
| 13:21 | Queue | Villager (Male) |
| 13:48 | Build | Pasture |
| 13:52 | Queue | Scout Cavalry |
| 14:07 | Queue | Villager (Male) |
| 14:09 | Build | Pasture |
| 14:19 | Research | Forging |
| 14:30 | Queue | Villager (Male) |
| 14:35 | Build | Pasture |
| 14:46 | Queue | Villager (Male) |
| 14:55 | Queue | Scout Cavalry |
| 15:11 | Queue | Villager (Male) |
| 15:23 | Queue | Villager (Male) |
| 15:24 | Queue | Scout Cavalry |
| 15:36 | Queue | Villager (Male) |
| 15:44 | Build | Mining Camp |
| 15:51 | Build | Pasture |
| 15:54 | Queue | Scout Cavalry |
| 16:16 | Queue | Villager (Male) |
| 16:56 | Queue | Villager (Male) |
| 17:19 | Build | Pasture |
| 17:26 | Queue | Villager (Male) |
| 17:28 | Build | Archery Range |
| 17:34 | Build | Palisade Wall |
| 17:45 | Build | Palisade Wall |
| 17:48 | Build | House |
| 17:56 | Queue | Villager (Male) |
| 18:14 | Research | Castle Age |
| 18:26 | Queue | Skirmisher |
| 18:33 | Build | Lumber Camp |
| 18:40 | Research | Fletching |
| 18:41 | Queue | Skirmisher |
| 18:43 | Build | House |
| 18:53 | Research | Padded Archer Armor |
| 18:53 | Queue | Skirmisher |
| 18:53 | Queue | Skirmisher |
| 19:11 | Build | House |
| 19:13 | Build | Palisade Wall |
| 19:14 | Build | House |
| 19:17 | Queue | Skirmisher |
| 19:30 | Queue | Skirmisher |
| 19:42 | Queue | Skirmisher |
| 19:57 | Queue | Skirmisher |
| 20:09 | Build | Pasture |
| 20:40 | Queue | Skirmisher |
| 20:46 | Research | Tech 1014 |
| 20:47 | Research | Gold Mining |
| 21:01 | Age | Castle Age |
| 21:03 | Queue | Villager (Male) |
| 21:04 | Research | Bodkin Arrow |
| 21:06 | Queue | Steppe Lancer |
| 21:07 | Queue | Steppe Lancer |
| 21:20 | Build | House |
| 21:28 | Queue | Villager (Male) |
| 21:32 | Research | Iron Casting |
| 21:46 | Build | Palisade Gate |
| 21:52 | Queue | Steppe Lancer |
| 21:53 | Queue | Villager (Male) |
| 22:07 | Research | Scale Barding Armor |
| 22:08 | Queue | Steppe Lancer |
| 22:20 | Queue | Villager (Male) |
| 22:24 | Build | Pasture |
| 22:40 | Queue | Steppe Lancer |
| 22:46 | Build | Pasture |
| 22:48 | Queue | Villager (Male) |
| 23:08 | Queue | Villager (Male) |
| 23:09 | Queue | Skirmisher |
| 23:15 | Queue | Steppe Lancer |
| 23:17 | Queue | Villager (Male) |
| 23:22 | Build | Lumber Camp |
| 23:23 | Queue | Villager (Male) |
| 23:36 | Queue | Steppe Lancer |
| 24:00 | Build | House |
| 24:01 | Build | House |
| 24:14 | Research | Elite Skirmisher (upgrade) |
| 24:15 | Queue | Steppe Lancer |
| 24:26 | Queue | Steppe Lancer |
| 24:27 | Queue | Skirmisher |
| 24:29 | Queue | Villager (Male) |
| 24:41 | Queue | Villager (Male) |
| 24:54 | Queue | Steppe Lancer |
| 25:05 | Build | House |
| 25:06 | Build | House |
| 25:07 | Build | House |
| 25:14 | Queue | Skirmisher |
| 25:15 | Queue | Skirmisher |
| 25:16 | Queue | Steppe Lancer |
| 25:31 | Queue | Villager (Male) |
| 25:32 | Queue | Villager (Male) |
| 25:33 | Research | Leather Archer Armor |
| 25:40 | Queue | Villager (Male) |
| 25:52 | Queue | Skirmisher |
| 25:57 | Queue | Villager (Male) |
| 26:15 | Queue | Steppe Lancer |
Build order — vidar
146 actions detected in the replay
| 0:01 | Queue | Villager (Male) |
| 0:01 | Queue | Villager (Male) |
| 0:13 | Queue | Villager (Male) |
| 0:17 | Queue | Villager (Male) |
| 1:25 | Queue | Villager (Male) |
| 1:51 | Queue | Villager (Male) |
| 2:08 | Queue | Villager (Male) |
| 2:39 | Queue | Villager (Male) |
| 2:53 | Queue | Villager (Male) |
| 3:23 | Queue | Villager (Male) |
| 3:40 | Build | Barracks |
| 3:54 | Queue | Villager (Male) |
| 4:09 | Queue | Villager (Male) |
| 4:25 | Queue | Militia |
| 4:46 | Queue | Militia |
| 4:48 | Queue | Villager (Male) |
| 5:09 | Queue | Villager (Male) |
| 5:10 | Queue | Militia |
| 5:51 | Queue | Villager (Male) |
| 6:17 | Build | Lumber Camp |
| 6:18 | Queue | Villager (Male) |
| 6:41 | Queue | Villager (Male) |
| 7:14 | Queue | Villager (Male) |
| 7:48 | Queue | Villager (Male) |
| 7:53 | Build | Mill |
| 8:09 | Queue | Villager (Male) |
| 8:16 | Build | Mill |
| 8:29 | Build | Palisade Wall |
| 8:31 | Queue | Villager (Male) |
| 8:56 | Build | Farm |
| 8:58 | Build | Farm |
| 9:00 | Build | Farm |
| 9:00 | Queue | Villager (Male) |
| 9:12 | Build | Palisade Wall |
| 9:14 | Research | Loom |
| 9:32 | Build | Farm |
| 9:40 | Build | Palisade Wall |
| 9:41 | Build | Palisade Wall |
| 9:43 | Build | Palisade Wall |
| 9:52 | Queue | Villager (Male) |
| 10:10 | Build | Palisade Wall |
| 10:30 | Build | Palisade Wall |
| 10:33 | Build | Palisade Gate |
| 10:42 | Research | Feudal Age |
| 11:15 | Build | Palisade Wall |
| 11:16 | Build | Palisade Wall |
| 11:56 | Build | Palisade Wall |
| 12:29 | Build | Mining Camp |
| 12:52 | Age | Feudal Age |
| 12:58 | Queue | Villager (Male) |
| 13:00 | Build | Archery Range |
| 13:01 | Queue | Spearman |
| 13:04 | Research | Double-Bit Axe |
| 13:05 | Queue | Villager (Male) |
| 13:15 | Queue | Villager (Male) |
| 13:21 | Research | Horse Collar |
| 13:33 | Queue | Villager (Male) |
| 13:43 | Build | Palisade Wall |
| 13:45 | Build | Palisade Wall |
| 13:51 | Queue | Villager (Male) |
| 14:04 | Build | Blacksmith |
| 14:06 | Queue | Villager (Male) |
| 14:13 | Queue | Archer |
| 14:17 | Build | Farm |
| 14:18 | Build | Farm |
| 14:33 | Build | Farm |
| 14:35 | Build | Farm |
| 14:36 | Queue | Villager (Male) |
| 14:39 | Queue | Archer |
| 14:46 | Queue | Spearman |
| 14:55 | Research | Fletching |
| 15:45 | Queue | Archer |
| 15:53 | Build | Farm |
| 16:00 | Queue | Archer |
| 16:08 | Queue | Archer |
| 16:13 | Queue | Spearman |
| 16:15 | Queue | Villager (Male) |
| 16:21 | Queue | Villager (Male) |
| 16:48 | Queue | Villager (Male) |
| 16:50 | Build | Farm |
| 17:06 | Build | Farm |
| 17:08 | Build | Farm |
| 17:10 | Build | Palisade Gate |
| 17:21 | Queue | Villager (Male) |
| 17:27 | Queue | Archer |
| 17:32 | Build | Palisade Wall |
| 17:33 | Build | Palisade Gate |
| 17:35 | Build | Palisade Gate |
| 17:37 | Build | Palisade Wall |
| 17:39 | Build | Palisade Wall |
| 17:44 | Queue | Archer |
| 17:45 | Queue | Spearman |
| 17:52 | Build | Farm |
| 17:53 | Queue | Villager (Male) |
| 18:12 | Queue | Villager (Male) |
| 18:39 | Queue | Villager (Male) |
| 18:45 | Build | Farm |
| 18:46 | Build | Farm |
| 18:46 | Build | Farm |
| 18:52 | Build | Farm |
| 18:54 | Queue | Villager (Male) |
| 19:39 | Queue | Villager (Male) |
| 20:02 | Build | Market |
| 20:08 | Queue | Villager (Male) |
| 20:19 | Queue | Villager (Male) |
| 20:20 | Build | Stable |
| 20:42 | Build | Palisade Wall |
| 21:05 | Research | Castle Age |
| 21:17 | Build | Lumber Camp |
| 21:21 | Build | Palisade Wall |
| 21:47 | Research | Bloodlines |
| 22:12 | Build | Archery Range |
| 22:40 | Research | Padded Archer Armor |
| 23:10 | Build | Archery Range |
| 23:29 | Build | Palisade Wall |
| 23:45 | Age | Castle Age |
| 23:47 | Queue | Cavalry Archer |
| 23:47 | Queue | Cavalry Archer |
| 23:47 | Queue | Cavalry Archer |
| 23:49 | Research | Bodkin Arrow |
| 24:05 | Queue | Cavalry Archer |
| 24:06 | Queue | Cavalry Archer |
| 24:06 | Queue | Cavalry Archer |
| 24:10 | Queue | Villager (Male) |
| 24:21 | Queue | Cavalry Archer |
| 24:21 | Queue | Cavalry Archer |
| 24:22 | Queue | Cavalry Archer |
| 24:40 | Queue | Villager (Male) |
| 24:42 | Build | University |
| 24:51 | Queue | Knight |
| 24:52 | Queue | Knight |
| 25:00 | Queue | Cavalry Archer |
| 25:00 | Queue | Cavalry Archer |
| 25:07 | Build | Archery Range |
| 25:19 | Research | Scale Barding Armor |
| 25:31 | Queue | Cavalry Archer |
| 25:31 | Queue | Cavalry Archer |
| 25:32 | Queue | Cavalry Archer |
| 26:22 | Research | Husbandry |
| 26:32 | Queue | Cavalry Archer |
| 26:32 | Queue | Cavalry Archer |
| 26:33 | Queue | Cavalry Archer |
| 27:09 | Queue | Knight |
| 27:15 | Queue | Cavalry Archer |
| 27:18 | Build | Archery Range |
| 28:11 | Research | Ballistics |
Match timeline
| 3:40 | vidar · first_building Barracks |
| 8:29 | RaggedCone8628 · first_building Barracks |
| 8:29 | vidar · wall_segment Palisade Wall x3 |
| 9:12 | vidar · wall_segment Palisade Wall x11 |
| 9:40 | vidar · wall_segment Palisade Wall x4 |
| 9:41 | vidar · wall_segment Palisade Wall x2 |
| 9:43 | vidar · wall_segment Palisade Wall x3 |
| 9:55 | RaggedCone8628 · age_up feudal |
| 9:56 | RaggedCone8628 · first_building Stable |
| 10:10 | vidar · wall_segment Palisade Wall x3 |
| 10:30 | vidar · wall_segment Palisade Wall x5 |
| 11:15 | vidar · wall_segment Palisade Wall x2 |
| 11:16 | vidar · wall_segment Palisade Wall x5 |
| 11:45 | RaggedCone8628 · wall_segment Palisade Wall x1 |
| 11:56 | vidar · wall_segment Palisade Wall x4 |
| 12:52 | vidar · age_up feudal |
| 13:00 | vidar · first_building Archery Range |
| 13:15 | RaggedCone8628 · wall_segment Palisade Wall x10 |
| 13:18 | RaggedCone8628 · wall_segment Palisade Wall x5 |
| 13:43 | vidar · wall_segment Palisade Wall x1 |
| 13:45 | vidar · wall_segment Palisade Wall x1 |
| 17:28 | RaggedCone8628 · first_building Archery Range |
| 17:32 | vidar · wall_segment Palisade Wall x6 |
| 17:34 | RaggedCone8628 · wall_segment Palisade Wall x1 |
| 17:37 | vidar · wall_segment Palisade Wall x2 |
| 17:39 | vidar · wall_segment Palisade Wall x5 |
| 17:45 | RaggedCone8628 · wall_segment Palisade Wall x2 |
| 19:13 | RaggedCone8628 · wall_segment Palisade Wall x4 |
| 20:20 | vidar · first_building Stable |
| 20:42 | vidar · wall_segment Palisade Wall x1 |
| 20:45 | vidar · first_market_sell 100 stone |
| 20:46 | vidar · first_market_buy 100 food |
| 21:01 | RaggedCone8628 · age_up castle |
| 21:21 | vidar · wall_segment Palisade Wall x1 |
| 23:29 | vidar · wall_segment Palisade Wall x1 |
| 23:45 | vidar · age_up castle |
| 28:27 | vidar · resign |
[ AI ANALYSIS · 1 CREDIT ]
What really happened in this match?
Wolo.gg analyzes every decision: build order, eco, micro, common mistakes by bracket. Personalized analysis on WhatsApp or Discord in 30 seconds.
Civ guide
Khitans
Perfil
Jugador #23079294